 Dungeon Crawl Stone Soup version 0.30-a0-222-ge547ba4400 (webtiles) character file.

Game seed: 3549805574183799238

35 timneilson the Shield-Bearer (level 3, -2/23 HPs)
             Began as a Gargoyle Fighter on Oct 8, 2022.
             Slain by Sigmund
             ... wielding a +0 scythe
              (9 damage)
             ... on level 2 of the Dungeon.
             The game lasted 00:01:51 (694 turns).

timneilson the Shield-Bearer (Gargoyle Fighter)      Turns: 694, Time: 00:01:52

Health: -2/23      AC: 12    Str: 21    XL:     3   Next: 33%
Magic:  3/3        EV:  7    Int:  8    God:
Gold:   69         SH:  4    Dex:  9    Spells: 2/2 levels left

rFire   . . .      SeeInvis .    a - +0 long sword
rCold   . . .      Faith    .    c - +0 buckler
rNeg    + . .      Spirit   .    e - +0 chain mail
rPois   ∞          Reflect  .    (no helmet)
rElec   +          Harm     .    (no cloak)
rCorr   .          Rampage  .    (no gloves)
Will    .....                    (no boots)
Stlth   ..........               (no amulet)
HPRegen 0.23/turn                (no ring)
MPRegen 0.08/turn                (no ring)

@: mighty
A: sickness immunity, AC +3, negative energy resistance 1, electricity
resistance, torment resistance 1, petrification resistance
a: no special abilities


You were on level 2 of the Dungeon.
You visited 1 branch of the dungeon, and saw 2 of its levels.

You collected 69 gold pieces.

Inventory:

Hand Weapons
 a - a +0 long sword (weapon)
Missiles
 b - a throwing net (quivered)
Armour
 c - a +0 buckler (worn)
 e - a +0 chain mail (worn)
Potions
 f - a potion of mutation {unknown}


   Skills:
 + Level 3.4 Fighting
 * Level 2.2 Long Blades
 * Level 3.7 Armour
 + Level 0.3 Dodging
 * Level 3.7 Shields


You had 2 spell levels left.
You didn't know any spells.
Your spell library was empty.

Dungeon Overview and Level Annotations

Branches:
Dungeon (2/15)

Altars:

Shops:
D:1 :

Annotations:
D:2 Sigmund


Innate Abilities, Weirdness & Mutations

You are immune to sickness and miasma.
Your stone body is resilient. (AC +3)
You are immune to poison.
You resist negative energy. (rN+)
You are resistant to electric shocks. (rElec)
You are resistant to unholy torment.
You are immune to petrification.


Message History

No target in view!
No target in view!
No target in view!
HP restored.
You now have 69 gold pieces (gained 9).
Sigmund the Dreaded comes into view.
He is wielding a +0 scythe.
Sigmund shouts!
Sigmund points at you and mumbles some strange words.
The magic dart hits you!
You feel very mighty all of a sudden. Sigmund casts a spell at you.
The puff of flame hits you but does no damage.
An adder comes into view.
The adder hisses angrily.
Sigmund hits you but does no damage.
You barely miss Sigmund. Sigmund hits you but does no damage.
You barely miss Sigmund. You closely miss Sigmund.
Sigmund gestures at you while chanting.
The magic dart hits you but does no damage.
Sigmund hits you with a +0 scythe.
You barely miss Sigmund. The adder barely misses you. The adder bites you.
Sigmund hits you with a +0 scythe!
* * * LOW HITPOINT WARNING * * *
You closely miss Sigmund.
The adder bites you but does no damage. x2
You hit Sigmund.
Sigmund is lightly wounded.
Sigmund hits you but does no damage. The adder bites you but does no damage.
You barely miss Sigmund.
Sigmund is lightly wounded.
The adder bites you but does no damage. You block Sigmund's attack.
The adder bites you but does no damage.
You hit Sigmund.
Sigmund is moderately wounded.
The adder barely misses you. Sigmund hits you but does no damage.
You block the adder's attack.
You hit Sigmund.
Sigmund is moderately wounded.
The adder bites you but does no damage. Sigmund hits you with a +0 scythe!
You die...

##+###########
#............#
#........<...#
#............#
#............# .
.............######...
.#+#########..........
#..@@......
#...S......
########... .. #


You could see Sigmund and an adder.

Vanquished Creatures
  2 endoplasms
  A giant cockroach (D:1)
  2 goblins (D:1)
  A hobgoblin (D:1)
  6 jackals (D:1)
  4 ball pythons (D:1)
  4 bats (D:1)
  3 frilled lizards (D:1)
  5 kobolds (D:1)
  4 rats (D:1)
32 creatures vanquished.

Notes
Turn   | Place    | Note
-------+----------+-------------------------------------------
     0 | D:1      | timneilson the Gargoyle Fighter began the quest for the
                  | Orb.
     0 | D:1      | Reached XP level 1. HP: 14/14 MP: 1/1
   120 | D:1      | Reached XP level 2. HP: 15/19 MP: 2/2
   326 | D:1      | Found Zodih's Book Shoppe.
   415 | D:1      | Reached XP level 3. HP: 23/23 MP: 3/3
   598 | D:1      | Found a faded altar of an unknown god.
   677 | D:2      | Noticed Sigmund
   694 | D:2      | Slain by Sigmund

Illustrated notes

Levels and vault maps discovered:
D:1:      amcnicky_arrival_wind_blow, layout_rooms, serial_shops,
          nicolae_shop_hallway_plus, ebering_ecumenical_altar_sacrificial
D:2:      layout_basic, basic_altar, uniq_sigmund

Skill      XL: |  1 |
---------------+----+-----
Long Blades    | 2 |  2.2
Fighting       | |  3.4
Armour         | |  3.7
Dodging        | |  0.3
Shields        | |  3.7

Action                   || total
-------------------------++-------
Melee: Long sword        ||   118
  Use: Potion            ||     1
Armor: Scale mail        ||    42
       Chain mail        ||    46
Dodge: Dodged            ||    59
Block: Buckler           ||    29

Table legend: (Time is in decaauts)
 A = Elapsed time spent in this place.
 B = Non-inter-level travel time spent in this place.
 C = Inter-level travel time spent in this place.
 D = Time resting spent in this place.
 E = Time spent auto-exploring this place.
 F = Levels seen in this place.
 G = Mean time per level.
                   A        B        C        D        E       F      G
               +--------+--------+--------+--------+--------+-----+--------+
         Total |    733 |    727 |      6 |      0 |    459 |   2 |  366.5 |
       Dungeon |    733 |    727 |      6 |      0 |    459 |   2 |  366.5 |
               +--------+--------+--------+--------+--------+-----+--------+

Top non-repeatable levels by time:
     D:1: 689 daAuts
     D:2: 44 daAuts
